 Dungeon Crawl Stone Soup version 0.30-a0-137-gd8773701ce (webtiles) character file.

Game seed: 12071781244593260157

4413 ytrimaz the Blocker (level 10, -8/70 HPs)
             Began as a Formicid Fighter on Sept 22, 2022.
             Mangled by a fire dragon (11 damage)
             ... on level 9 of the Dungeon.
             The game lasted 00:08:32 (7246 turns).

ytrimaz the Blocker (Formicid Fighter)              Turns: 7246, Time: 00:08:33

Health: -8/70      AC: 14    Str: 22 (24) XL:     10   Next: 62%
Magic:  19/19      EV:  8    Int: 12      God:
Gold:   561        SH:  7    Dex: 12      Spells: 9/9 levels left

rFire   . . .      SeeInvis +    i - +3 war axe
rCold   x . .      Faith    .    c - +0 buckler
rNeg    . . .      Spirit   .    p - +0 chain mail
rPois   .          Reflect  .    (helmet unavailable)
rElec   .          Harm     .    b - +0 cloak
rCorr   +          Rampage  .    f - +0 pair of gloves
Will    ++...                    (no boots)
Stlth   ..........               v - amulet of Ocytis {RegenMP +Inv Regen+ rCorr Stlth-}
HPRegen 1.01/turn                q - ring of willpower
MPRegen 0.56/turn                r - ring of magical power

@: mighty
A: permanent stasis, dig shafts and tunnels, antennae 3, four strong arms,
clever 1, cold vulnerability 1
a: Dig, Shaft Self, Evoke Invisibility


You were on level 9 of the Dungeon.
You visited 1 branch of the dungeon, and saw 9 of its levels.

You collected 561 gold pieces.


Innate Abilities, Weirdness & Mutations

You cannot be hasted, slowed, berserked, paralysed or teleported.
You can dig through walls and to a lower floor.
You have a pair of large antennae on your head. (SInv)
Your four strong arms can wield two-handed weapons with a shield.
Your mind is acute. (Int +4, Str/Dex -1)
You are vulnerable to cold. (rC-)


   Skills:
 - Level 3.4 Fighting
 + Level 8.8 Axes
 + Level 10.0 Armour
 + Level 11.8 Shields


You had 9 spell levels left.
You didn't know any spells.
Your spell library contained the following spells:

 Spells                   Type           Power      Damage    Failure   Level
 Magic Dart               Conj           0%         1d3       93%         1
 Ensorcelled Hibernation  Hex/Ice        0%         N/A       98%         2
 Passwall                 Tmut/Erth      0%         N/A       98%         2
 Searing Ray              Conj           0%         2d4       98%         2
 Lesser Beckoning         Tloc           0%         N/A       100%        3
 Fulminant Prism          Conj/Hex       0%         3d6       100%        4
 Manifold Assault         Tloc           0%         N/A       100%        4
 Blink                    Tloc           Unusable   N/A       N/A         2
 Swiftness                Air            Unusable   N/A       N/A         3

Inventory:

Hand Weapons
 a - a +1 war axe
 i - a +3 war axe (weapon)
   (You took it off a wight on level 6 of the Dungeon)
Missiles
 h - 3 boomerangs
Armour
 b - a +0 cloak (worn)
   (You found it on level 3 of the Dungeon)
 c - a +0 buckler (worn)
 f - a +0 pair of gloves (worn)
   (You found it on level 1 of the Dungeon)
 o - +0 steam dragon scales
   (You found it on level 6 of the Dungeon)
 p - a +0 chain mail (worn)
   (You found it on level 3 of the Dungeon)
Jewellery
 q - a ring of willpower (left hand)
   (You found it on level 7 of the Dungeon)
 r - a ring of magical power (right hand)
   (You found it on level 8 of the Dungeon)
 v - the amulet of Ocytis (around neck) {RegenMP +Inv Regen+ rCorr Stlth-}
   (You found it on level 5 of the Dungeon)

   [amulet of magic regeneration]

   It increases your rate of magic regeneration.
   +Inv:      It lets you turn invisible.
   Regen:     It increases your rate of health regeneration.
   rCorr:     It protects you from acid and corrosion.
   Stlth:     It makes you less stealthy.
Wands
 j - a wand of digging (2)
   (You found it on level 7 of the Dungeon)
 w - a wand of charming (11)
   (You found it on level 5 of the Dungeon)
Scrolls
 e - a scroll of vulnerability
 l - a scroll of fog
 m - 2 scrolls of enchant armour
 n - 2 scrolls of noise
 t - 2 scrolls of enchant weapon
 u - a scroll of amnesia
 x - 4 scrolls of identify
Potions
 d - a potion of might
 k - 3 potions of curing
 z - a potion of brilliance

Dungeon Overview and Level Annotations

Branches:
Dungeon (9/15) Zot: 26972  Temple (0/1) D:7            Lair (0/5) D:9
    Orc: D:9-12

Altars:
Cheibriados
Makhleb
Okawaru
Vehumet
Xom

Shops:
D:3

( .......
.......
....... ......
!# ..... ..#
...###...
#####......#
#<..@......#
####D......#
#.####.......#
#............#
#§#####......#
.........###.#
≈≈§.§.###.. .
≈D§§§. ....
..≈.§ ......


You could see a fire dragon (catching breath).


Message History

There is an open door here.
You now have 556 gold pieces (gained 13).
You see here a +1 pair of boots.
You open the door.
There is an open door here.
n - 2 scrolls of noise (gained 1) Key pressed, stopping explore.
You now have 561 gold pieces (gained 5).
There is an open door here.
Key pressed, stopping explore.
You see here a +1 pair of boots.
Key pressed, stopping explore.
There is an open door here.
You open the door.
There is an open door here.
g - 2 potions of heal wounds (gained 1)
There is an open door here.
Things that are here:
a +0 dagger; a +0 robe; an orc skeleton Done exploring.
Things that are here:
a +0 dagger; a +0 robe; an orc skeleton
There is a stone staircase leading down here.
You climb downwards.
There is a stone staircase leading up here.
Unknown command.
A fire dragon comes into view.
Found a staircase to the Lair.
The fire dragon roars deafeningly!
A fire dragon is nearby!
A fire dragon is nearby!
Unknown command.
Okay, then.
There is a stone staircase leading up here.
You feel very mighty all of a sudden. The fire dragon breathes flames at you.
The blast of flame hits you!! 😮 HP[-22]
You take 22 damage, and now have 48/70 hp.
MASSIVE DAMAGE!! (PAUSE)
The fire dragon bites you.
The fire dragon claws you but does no damage.
The fire dragon tramples you but does no damage.
Unknown command.
You slash the fire dragon! The fire dragon bites you!
* * * LOW HITPOINT WARNING * * *
The fire dragon closely misses you. The fire dragon tramples you.
* * * LOW HITPOINT WARNING * * *
You stumble backwards! 😨 HP[-17]
You take 17 damage, and now have 31/70 hp.
MASSIVE DAMAGE!! (PAUSE)
You feel much better. The fire dragon bites you!
The fire dragon claws you but does no damage.
You block the fire dragon's attack. 😕 HP[+24]
You regained 24 hp, and now have 55/70 hp.
Unknown command.
You slash the fire dragon! The fire dragon breathes flames at you.
The blast of flame hits you!!
* * * LOW HITPOINT WARNING * * *
😨 HP[-29]
You take 29 damage, and now have 26/70 hp.
MASSIVE DAMAGE!! (PAUSE)
You hit the fire dragon. The fire dragon bites you.
* * * LOW HITPOINT WARNING * * *
The fire dragon claws you but does no damage.
The fire dragon tramples you.
* * * LOW HITPOINT WARNING * * *
You hold your ground! 😨 HP[-8]
You take 8 damage, and now have 18/70 hp.
Unknown command.
You feel much better.
The fire dragon bites you but does no damage.
The fire dragon barely misses you. The fire dragon tramples you.
You hold your ground! 😮 HP[+28]
You regained 28 hp, and now have 46/70 hp.
Okay, then.
Unknown command.
Unknown command.
You slash the fire dragon! You block the fire dragon's attack.
The fire dragon claws you but does no damage.
You block the fire dragon's attack. 😮 HP[+1] Unknown command.
You hit the fire dragon but do no damage.
The fire dragon breathes flames at you. The blast of flame hits you!!!
Ouch! That really hurt!
* * * LOW HITPOINT WARNING * * *
😱 HP[-45]
You take 45 damage, and now have 2/70 hp.
MASSIVE DAMAGE!! (PAUSE)
Okay, then.
Unknown command.
You barely miss the fire dragon. The fire dragon bites you!
You die...

Skill      XL: |  1  2  3  4  5  6  7  8  9 10 |
---------------+-------------------------------+-----
Armour         | 4 5 6 7 8 10 | 10.0
Axes           | 3 4 5 6 7 8 |  8.8
Shields        | 5 6 7 8 10 11 | 11.8
Fighting       | |  3.4

Action                   |  1- 3 |  4- 6 |  7- 9 | 10-12 || total
-------------------------+-------+-------+-------+-------++-------
Melee: War axe           |    66 |   129 |   295 |   129 ||   619
  Use: Scroll            |     4 |     7 |     3 |     2 ||    16
       Potion            |       |       |     6 |     5 ||    11
Armor: Scale mail        |    42 |    27 |       |       ||    69
       Chain mail        |       |    47 |   211 |    69 ||   327
Dodge: Dodged            |    35 |    61 |   136 |    33 ||   265
Block: Buckler           |    26 |    34 |   113 |    37 ||   210

Levels and vault maps discovered:
D:1:      erik_arrival_orb_chamber, layout_loops_ring,
          hellmonk_ecumenical_altar_lost_god, nicolae_kite_square_tiling_tiny
D:2:      layout_basic
D:3:      layout_basic, general_overflow_altar, serial_shops, shop
D:4:      layout_basic, nicolae_vehumet_radiance,
          grunt_temple_overflow_champion_of_chaos, uniq_duvessa
D:5:      layout_basic
D:6:      layout_loops_ring, kennysheep_slug_shrine, minmay_crossroads
D:7:      layout_basic, minmay_temple_entry_slanted
D:8:      layout_basic
D:9:      layout_basic, minmay_lair_entry_lava, uniq_maggie

Notes
Turn   | Place    | Note
-------+----------+-------------------------------------------
     0 | D:1      | ytrimaz the Formicid Fighter began the quest for the Orb.
     0 | D:1      | Reached XP level 1. HP: 18/18 MP: 1/1
     0 | D:1      | magus.rc [v1.9.6]
    27 | D:1      | Found a faded altar of an unknown god.
   198 | D:1      | Reached XP level 2. HP: 21/24 MP: 2/2
   767 | D:2      | Reached XP level 3. HP: 29/29 MP: 3/3
   965 | D:2      | Reached skill level 4 in Armour
   965 | D:2      | Reached XP level 4. HP: 32/35 MP: 4/4
  1028 | D:2      | Reached skill level 3 in Axes
  1141 | D:2      | Reached skill level 5 in Shields
  1550 | D:3      | You pick up a book of Spatial Translocations and begin
                  | reading...
  1550 | D:3      | You add the spells Lesser Beckoning and Manifold Assault to
                  | your library.
  1804 | D:3      | Reached XP level 5. HP: 28/41 MP: 5/5
  1995 | D:3      | Found an iron altar of Okawaru.
  2056 | D:3      | Found Fediemy's Weapon Emporium.
  2070 | D:3      | You pick up a book of Burglary and begin reading...
  2070 | D:3      | You add the spells Passwall and Ensorcelled Hibernation to
                  | your library.
  2367 | D:4      | HP: 10/41 [orc wizard/puff of flame (9)]
  2678 | D:4      | Found a burning altar of Makhleb.
  2679 | D:4      | Found a shimmering altar of Xom.
  2682 | D:4      | Reached XP level 6. HP: 47/47 MP: 6/6
  2699 | D:4      | Reached skill level 4 in Axes
  2699 | D:4      | Reached skill level 5 in Armour
  2699 | D:4      | Reached skill level 6 in Shields
  3032 | D:4      | Noticed Duvessa
  3037 | D:4      | Noticed Dowan
  3046 | D:4      | Killed Duvessa
  3047 | D:4      | Reached XP level 7. HP: 48/52 MP: 7/7
  3060 | D:4      | Killed Dowan
  3307 | D:4      | Found a radiant altar of Vehumet.
  3560 | D:5      | Entered Level 5 of the Dungeon
  3568 | D:5      | Reached skill level 7 in Shields
  3629 | D:5      | Reached skill level 5 in Axes
  3629 | D:5      | Reached skill level 6 in Armour
  3656 | D:5      | Reached XP level 8. HP: 58/58 MP: 8/8
  4112 | D:5      | Reached skill level 8 in Shields
  4260 | D:5      | Identified the amulet of Ocytis {RegenMP +Inv Regen+ rCorr
                  | Stlth-}
  4489 | D:6      | Reached skill level 7 in Armour
  4493 | D:6      | Reached skill level 6 in Axes
  4535 | D:6      | Reached XP level 9. HP: 47/64 MP: 9/9
  4549 | D:6      | HP: 13/64 [steam dragon/ball of steam (5)]
  4551 | D:6      | Reached skill level 9 in Shields
  4551 | D:6      | HP: 2/64 [something (11)]
  4740 | D:6      | Found a snail-covered altar of Cheibriados.
  4804 | D:6      | Reached skill level 8 in Armour
  4812 | D:6      | Reached skill level 7 in Axes
  4875 | D:6      | Reached skill level 10 in Shields
  4949 | D:3      | Gained mutation: Your body sometimes deteriorates upon
                  | taking damage. [potion of mutation]
  4949 | D:3      | Gained mutation: You are weak. (Str -2) [potion of
                  | mutation]
  4949 | D:3      | Gained mutation: Your spells are a little easier to cast,
                  | but a little less powerful. [potion of mutation]
  4949 | D:3      | Lost mutation: You are weak. (Str -2) [potion of mutation]
  5769 | D:7      | Found a staircase to the Ecumenical Temple.
  6012 | D:7      | You pick up a book of Conjurations and begin reading...
  6012 | D:7      | You add the spells Magic Dart, Searing Ray and Fulminant
                  | Prism to your library.
  6285 | D:8      | Reached XP level 10. HP: 70/70 MP: 10/10
  6308 | D:8      | Reached skill level 9 in Armour
  6335 | D:8      | Identified the +6 scimitar of Laceration {vorpal, rF++}
  6389 | D:8      | HP: 8/70 [yak (13)]
  6391 | D:8      | HP: 1/70 [yak (7)]
  6395 | D:8      | Reached skill level 8 in Axes
  6399 | D:8      | Reached skill level 11 in Shields
  6818 | D:8      | Lost mutation: Your spells are a little easier to cast, but
                  | a little less powerful. [potion of mutation]
  6818 | D:8      | Lost mutation: Your body sometimes deteriorates upon taking
                  | damage. [potion of mutation]
  6818 | D:8      | Gained mutation: You are vulnerable to cold. (rC-) [potion
                  | of mutation]
  6818 | D:8      | Gained mutation: Your mind is acute. (Int +4, Str/Dex -1)
                  | [potion of mutation]
  6949 | D:8      | Reached skill level 10 in Armour
  7228 | D:9      | Found a staircase to the Lair.
  7228 | D:9      | Noticed a fire dragon
  7245 | D:9      | HP: 2/70 [fire dragon/blast of flame (46)]
  7246 | D:9      | Mangled by a fire dragon

Vanquished Creatures
  9 yaks (D:8)
  2 steam dragons
  Duvessa (D:4)
  A sky beast (D:7)
  A black bear (D:5)
  2 ogres (D:5)
  A centaur (D:7)
  2 phantoms (D:5)
  3 bullfrogs
  3 necrophages
  A scorpion (D:6)
  2 gnoll sergeants
  3 wights (D:6)
  Dowan (D:4)
  3 howler monkeys (D:8)
  A crimson imp (D:4)
  6 hounds
  A jelly (D:6)
  An orc priest (D:6)
  A gnoll bouda (D:6)
  6 iguanas
  8 orc wizards
  10 gnolls
  10 adders
  A shadow imp (D:6)
  2 white imps
  An ufetubus (D:5)
  2 worms (D:2)
  4 dart slugs
  20 orcs
  10 bats
  5 endoplasms
  7 giant cockroaches
  4 goblins
  10 hobgoblins
  3 jackals (D:3)
  2 quokkas
  7 ball pythons
  A frilled lizard (D:1)
  3 kobolds
  4 rats
165 creatures vanquished.

Vanquished Creatures (collateral kills)
  2 vampire mosquitoes (D:6)
  A bullfrog (D:6)
3 creatures vanquished.

Vanquished Creatures (others)
  An orc wizard (D:6)
1 creature vanquished.

Grand Total: 169 creatures vanquished

Table legend:
 A = Non-vault XP
 B = Vault XP
 C = Vault XP percentage of total XP
 D = Non-vault monster count
 E = Vault monster count
 F = Vault count percentage of total count
                 A         B        C        D         E       F
            +---------+---------+-------+---------+---------+-------
      Total |    5999 |     306 |   4.9 |     163 |       5 |   3.0
            +---------+---------+-------+---------+---------+-------
        D:1 |      28 |       0 |   0.0 |      16 |       0 |   0.0
        D:2 |      90 |       0 |   0.0 |      22 |       0 |   0.0
        D:3 |      91 |       0 |   0.0 |      23 |       0 |   0.0
        D:4 |     265 |     257 |  49.2 |      20 |       3 |  13.0
        D:5 |     905 |       0 |   0.0 |      18 |       0 |   0.0
        D:6 |    1674 |      49 |   2.8 |      32 |       2 |   5.9
        D:7 |     504 |       0 |   0.0 |      10 |       0 |   0.0
        D:8 |    2442 |       0 |   0.0 |      22 |       0 |   0.0
            +---------+---------+-------+---------+---------+-------

Illustrated notes

Table legend:
 A = Kills in this place as a percentage of kills in entire the game.
 B = Kills by you in this place as a percentage of kills by you in the entire game.
 C = Kills by friends in this place as a percentage of kills by friends in the entire game.
 D = Other kills in this place as a percentage of other kills in the entire game.
 E = Experience gained in this place as a percentage of experience gained in the entire game.
 F = Experience gained in this place divided by the number of levels of this place that you have seen.
                   A       B       C       D       E      F
               +-------+-------+-------+-------+-------+----------------------
         Total | 100.0 | 100.0 | 100.0 |   N/A | 100.0 | 700.6
       Dungeon | 100.0 | 100.0 | 100.0 |   N/A | 100.0 | 700.6
               +-------+-------+-------+-------+-------+----------------------

Table legend: (Time is in decaauts)
 A = Elapsed time spent in this place.
 B = Non-inter-level travel time spent in this place.
 C = Inter-level travel time spent in this place.
 D = Time resting spent in this place.
 E = Time spent auto-exploring this place.
 F = Levels seen in this place.
 G = Mean time per level.
                   A        B        C        D        E       F      G
               +--------+--------+--------+--------+--------+-----+--------+
         Total |   7398 |   7047 |    351 |    247 |   5209 |   9 |  822.0 |
       Dungeon |   7398 |   7047 |    351 |    247 |   5209 |   9 |  822.0 |
               +--------+--------+--------+--------+--------+-----+--------+

Top non-repeatable levels by time:
     D:4: 1308 daAuts
     D:5: 1021 daAuts
     D:6: 985 daAuts
     D:8: 961 daAuts
     D:3: 899 daAuts
     D:2: 786 daAuts
     D:1: 761 daAuts
     D:7: 647 daAuts
     D:9: 26 daAuts
